 Dungeon Crawl Stone Soup version 0.32-a0-666-ge8a8869 (webtiles) character file.

Game seed: 2895812801300553160

157 Meow the Conjurer (level 5, 42/42 HPs)
             Began as a Naga Conjurer on Mar 9, 2024.
             Quit the game on level 5 of the Dungeon.
             The game lasted 00:07:41 (2713 turns).

Meow the Conjurer (Naga Conjurer)                   Turns: 2713, Time: 00:07:41

Health: 42/42      AC:  2    Str:  9    XL:     5   Next: 38%
Magic:  9/10       EV:  9    Int: 21    God:
Gold:   120        SH:  0    Dex:  9    Spells: 4/11 levels left

rFire   . . .        a - +1 short sword (drain)
rCold   . . .        (no shield)
rNeg    . . .        c - +0 robe
rPois   +            (no helmet)
rElec   .            (no cloak)
rCorr   .            (no gloves)
SInv    +            (no barding)
Will    .....        (no amulet)
Stlth   ++           w - ring of wizardry
HPRegen 0.27/turn    (no ring)
MPRegen 0.12/turn

%: wizardry (x1)
@: very slow
A: AC +1, large, see invisible, deformed body, poison resistance, slowness 2,
spit poison 1, naga tail 1
a: Spit Poison


You were on level 5 of the Dungeon.
You visited 1 branch of the dungeon, and saw 5 of its levels.

You collected 120 gold pieces.

Inventory:

Hand Weapons
 a - a +1 short sword of draining (weapon)
 h - a +0 quarterstaff
 j - a +0 dagger
Missiles
 e - 8 poisoned darts
 n - 14 stones
Armour
 c - a +0 robe (worn)
Jewellery
 p - a ring of flight
 w - a ring of wizardry (left hand)
Scrolls
 f - a scroll of revelation
 i - a scroll of identify {unknown}
 k - a scroll of fog {unknown}
 m - 2 scrolls of teleportation
 o - a scroll of fear {unknown}
 q - 2 scrolls of enchant weapon {unknown}
 r - a scroll of enchant armour {unknown}
 s - a scroll of immolation {unknown}
Potions
 b - a potion of magic
 d - a potion of invisibility {unknown}
 g - a potion of lignification {unknown}
 l - a potion of curing {unknown}
 t - a potion of haste {unknown}
 u - a potion of degeneration {unknown}
 v - a potion of heal wounds {unknown}


   Skills:
 - Level 1.5 Dodging
 - Level 3.0 Stealth
 + Level 3.7 Spellcasting
 + Level 5.4 Conjurations


You had 4 spell levels left.
You knew the following spells:

 Your Spells              Type           Power      Damage    Failure   Level
a - Magic Dart            Conj           100%       1d8       1%          1
b - Searing Ray           Conj           52%        2d6       1%          2
B - Iskenderun's Mystic   Conj/Tloc      15%        2d5       16%         4

Your spell library contained the following spells:

 Spells                   Type           Power      Damage    Failure   Level
 Momentum Strike          Conj/Tloc      30%        3d8       2%          2
 Blink                    Tloc           6%         N/A       8%          2
 Lesser Beckoning         Tloc           6%         N/A       8%          2
 Fulminant Prism          Conj/Alch      7%         3d6       16%         4


Dungeon Overview and Level Annotations

Branches:
Dungeon (5/15)             Temple (0/1) D:5

Altars:

Shops:
D:5 *(

Annotations:
D:3 3 runed translucent doors, dcgchant's ghost, amateur GnIE


Innate Abilities, Weirdness & Mutations

Your serpentine skin is tough. (AC +1)
You have supernaturally acute eyesight. (SInv)
Armour fits poorly on your strangely shaped body.
Your system is resistant to poisons. (rPois)
You cover ground very slowly.
You can spit poison.
You have a snake-like lower body.


Message History

You open the door.
Found a maw talisman.
Found 14 gold pieces.
There is an open door here.
You see here a maw talisman.
You open the door.
There is an open door here.
Found Couk's General Store.
Found a whip.
Found a staircase to the Ecumenical Temple and a stone staircase leading down.
You hear the slow rusting of a drain nearby.
There is an entrance to Couk's General Store here.
Found a stone staircase leading down.
An orc comes into view. It is wielding a +0 short sword.
Casting: Searing Ray (safe; 1% risk of failure)
Confirm with . or Enter, or press ? or * to list all spells.
Aiming: Magic Dart (safe; 1% risk of failure)
Press: ? - help, Shift-Dir - straight line, f - orc
Aim: an orc, wielding a +0 short sword, wearing a +0 scale mail and quivering boomerangs (asleep, 100% to hit)
The magic dart hits the orc but does no damage.
The orc shouts!
Unknown command.
Casting: Magic Dart (safe; 1% risk of failure)
Confirm with . or Enter, or press ? or * to list all spells.
Aiming: Magic Dart (safe; 1% risk of failure)
Press: ? - help, Shift-Dir - straight line, f/p - orc
Aim: an orc, wielding a +0 short sword, wearing a +0 scale mail and quivering boomerangs (100% to hit)
The magic dart hits the orc but does no damage.
Aiming: Spit Poison (1% risk of failure)
Press: ? - help, Shift-Dir - straight line, f/p - orc
Aim: an orc, wielding a +0 short sword, wearing a +0 scale mail and quivering boomerangs (65% to hit)
The splash of poison hits the orc.
The orc is poisoned.
The orc is almost dead.
You kill the orc!
Found a club.
You have got your breath back.
There is a stone staircase leading down here.
Found 17 gold pieces.
Found a flux talisman.
Are you sure you want to abandon this character and quit the game? (Confirm with "yes".)

#.. #..##
#...###
#.....#
#..%..#
#.###.....##
...........#
#)@##.######
##...........
##........###
.$........>..#
###....).....#
#..........#
#..........#
#......>...#
##........##


There were no monsters in sight!

Vanquished Creatures
  An orc wizard (D:3)
  4 adders
  2 ufetubi (D:5)
  2 ribbon worms (D:2)
  A dart slug (D:3)
  5 orcs
  10 endoplasms
  3 giant cockroaches (D:1)
  12 goblins
  6 hobgoblins
  3 jackals (D:3)
  5 quokkas
  2 ball pythons (D:2)
  3 bats
  3 frilled lizards
  3 kobolds
  3 rats
68 creatures vanquished.

Notes
Turn   | Place    | Note
-------+----------+-------------------------------------------
     0 | D:1      | Meow the Naga Conjurer began the quest for the Orb.
     0 | D:1      | Reached XP level 1. HP: 15/15 MP: 3/3
   210 | D:1      | Reached XP level 2. HP: 22/22 MP: 3/5
   235 | D:1      | Learned a level 2 spell: Searing Ray
   632 | D:1      | Reached XP level 3. HP: 28/28 MP: 3/6
  1042 | D:2      | Found a faded altar of an unknown god.
  1427 | D:2      | Reached XP level 4. HP: 36/36 MP: 5/8
  1432 | D:2      | Learned a level 4 spell: Iskenderun's Mystic Blast
  1850 | D:3      | Reached skill level 5 in Conjurations
  1923 | D:3      | Reached XP level 5. HP: 42/42 MP: 5/10
  2123 | D:3      | Found a runed translucent gate.
  2124 | D:3      | Found a runed translucent gate.
  2128 | D:3      | Found a runed translucent gate.
  2134 | D:3      | Noticed dcgchant's ghost (amateur GnIE)
  2519 | D:4      | Noticed an ice beast
  2620 | D:5      | Entered Level 5 of the Dungeon
  2625 | D:5      | Found Fuucresa's Antique Weapon Shop.
  2672 | D:5      | Noticed a black bear
  2690 | D:5      | Found Couk's General Store.
  2691 | D:5      | Found a staircase to the Ecumenical Temple.
  2713 | D:5      | Quit the game

Illustrated notes

Levels and vault maps discovered:
D:1:      amcnicky_arrival_double_pillar, layout_rooms, serial_forest,
          infiniplex_forest_zigzag_1, infiniplex_forest_lined_room_2,
          infiniplex_forest_diagonal, infiniplex_forest_lined_2,
          infiniplex_forest_lined_room_, infiniplex_forest_lined_room_,
          infiniplex_forest_corner_2, infiniplex_forest_lined_ring,
          item_on_display_a
D:2:      layout_loops_ring, chequers_ecumenical_altar_twisty
D:3:      layout_basic, gammafunk_ghost_split
D:4:      layout_basic, chequers_garden, minmay_starry_boxes, uniq_menkaure
D:5:      nicolae_cairo_tiling_very_big, layout_rooms, serial_shops, shop,
          kennysheep_mini_moat, nicolae_shop_rolled_up,
          nicolae_shop_advertising_works [nicolae_subvault_shop_adworks],
          nicolae_shop_tiny_real_fake_doors, gup_sewer_entry_bowl

Skill      XL: |  1  2  3  4 |
---------------+-------------+-----
Spellcasting   | 3 |  3.7
Conjurations   | 5 |  5.4
Dodging        | |  1.5
Stealth        | |  3.0

Action                     |  1- 3 |  4- 6 || total
---------------------------+-------+-------++-------
  Melee: Short sword       |     3 |       ||     3
   Cast: Magic Dart        |    46 |    10 ||    56
         Searing Ray       |     4 |    14 ||    18
Ability: Spit Poison       |    28 |    19 ||    47
    Use: Scroll            |       |     5 ||     5
 Armour: Robe              |       |     8 ||     8
  Dodge: Dodged            |     5 |     7 ||    12

Table legend: (Time is in decaauts)
 A = Elapsed time spent in this place.
 B = Non-inter-level travel time spent in this place.
 C = Inter-level travel time spent in this place.
 D = Time resting spent in this place.
 E = Time spent auto-exploring this place.
 F = Levels seen in this place.
 G = Mean time per level.
                   A        B        C        D        E       F      G
               +--------+--------+--------+--------+--------+-----+--------+
         Total |   3409 |   3239 |    170 |    725 |   1912 |   5 |  681.8 |
       Dungeon |   3409 |   3239 |    170 |    725 |   1912 |   5 |  681.8 |
               +--------+--------+--------+--------+--------+-----+--------+

Top non-repeatable levels by time:
     D:1: 1108 daAuts
     D:2: 1103 daAuts
     D:3: 984 daAuts
     D:5: 122 daAuts
     D:4: 91 daAuts
